 Dungeon Crawl Stone Soup version 0.28-a0-1236-gb25a51b929 (webtiles) character file.

Game seed: 4988115562820129220

97871 bearlyready the Warrior (level 15, -11/147 HPs)
             Began as a Minotaur Hunter on Dec 25, 2021.
             Was an Initiate of Gozag.
             Mangled by a white very ugly thing (18 damage)
             ... on level 3 of the Abyss.
             The game lasted 00:50:12 (24654 turns).

bearlyready the Warrior (Minotaur Hunter)          Turns: 24654, Time: 00:50:13

Health: -11/147    AC: 20    Str: 28    XL:     15   Next: 73%
Magic:  14/14      EV: 16    Int:  8    God:    Gozag
Gold:   6714       SH:  0    Dex: 17    Spells: 14/14 levels left

rFire   + . .      SeeInvis +   b - +3 lajatang (drain)
rCold   + . .      Faith    .   (shield currently unavailable)
rNeg    + . .      Spirit   .   J - +3 chain mail
rPois   +          Reflect  .   (helmet restricted)
rElec   +          Harm     .   G - +1 cloak
rCorr   +          Rampage  .   c - +0 pair of gloves
Will    +....                   (no boots)
Stlth   ..........              r - amulet of regeneration
HPRegen 0.00/turn               R - ring "Xeuqag" {rPois rN+ Dex+4 SInv}
MPRegen 0.14/turn               z - +6 ring of strength

@: mighty, resistant, gold aura, sick, invisible
A: horns 2, retaliatory headbutt
a: Renounce Religion, Potion Petition, Call Merchant, Bribe Branch


You were on level 3 of the Abyss.
You worshipped Gozag.
Gozag was greatly pleased with you.
You visited 2 branches of the dungeon, and saw 20 of its levels.
You visited the Abyss 1 time.
You also visited: Sewer and Ossuary.

You collected 7104 gold pieces.
You spent 205 gold pieces at shops.
You paid 185 gold pieces to Gozag.

Inventory:

Hand Weapons
 a - a +0 arbalest
 b - a +3 lajatang of draining (weapon)
 H - a +2 dagger of electrocution
 I - a +1 hand crossbow
Missiles
 d - 253 bolts
 E - 25 poisoned darts (quivered)
 F - 82 arrows
Armour
 c - a +0 pair of gloves (worn)
 G - a +1 cloak (worn)
 J - a +3 chain mail (worn)
Jewellery
 i - a ring of protection from fire
 m - a ring of poison resistance
 r - an amulet of regeneration (around neck)
 v - a ring of protection from cold
 z - a +6 ring of strength (right hand)
 R - the ring "Xeuqag" (left hand) {rPois rN+ Dex+4 SInv}
   (You found it on level 8 of the Dungeon)

   [ring of see invisible]

   Dex:       It affects your dexterity (+4).
   rPois:     It protects you from poison.
   rN:        It protects you from negative energy.
   SInv:      It lets you see invisible.
 X - a ring of protection from fire
Wands
 x - a wand of polymorph (10)
 M - a wand of iceblast (4)
 Q - a wand of paralysis (5)
 V - a wand of flame (34)
 W - a wand of mindburst (14)
Scrolls
 n - 6 scrolls of amnesia
 o - 4 scrolls of vulnerability
 p - a scroll of fear
 y - 4 scrolls of holy word
 A - 2 scrolls of brand weapon
 C - a scroll of fog
 D - 2 scrolls of silence
 K - 2 scrolls of torment
 L - 2 scrolls of magic mapping
 S - 7 scrolls of enchant armour
 T - a scroll of immolation
Potions
 g - 3 potions of flight {unknown}
 h - 9 potions of curing
 j - 2 potions of cancellation
 l - 3 potions of brilliance
 q - 2 potions of might
 t - 5 potions of attraction
 w - 3 potions of haste
 B - a potion of heal wounds
 O - 4 potions of magic
 U - 3 potions of ambrosia
 Z - a potion of mutation
Miscellaneous
 k - a condenser vane (inert)


   Skills:
 - Level 17.1 Fighting
 - Level 5.0 Short Blades
 + Level 12.3 Staves
 + Level 15.9 Crossbows
 - Level 13.7 Armour
 - Level 12.9 Dodging
 - Level 0.7 Stealth
 - Level 4.0 Unarmed Combat
 - Level 4.0 Evocations


You had 14 spell levels left.
You didn't know any spells.
Your spell library contained the following spells:

 Spells                   Type           Power      Damage    Failure   Level
 Sandblast                Erth           0%         2d4       85%         1
 Ensorcelled Hibernation  Hex/Ice        0%         N/A       94%         2
 Passwall                 Tmut/Erth      0%         N/A       94%         2
 Dazzling Flash           Conj/Hex       0%         N/A       99%         3
 Gell's Gravitas          Tloc           0%         N/A       99%         3
 Lesser Beckoning         Tloc           0%         N/A       99%         3
 Ozocubu's Armour         Ice            0%         N/A       99%         3
 Portal Projectile        Hex/Tloc       0%         N/A       99%         3
 Spider Form              Tmut/Pois      0%         N/A       99%         3
 Stone Arrow              Conj/Erth      0%         3d7       99%         3
 Teleport Other           Tloc           0%         N/A       99%         3
 Tukima's Dance           Hex            0%         N/A       99%         3
 Iskenderun's Mystic Bla  Conj/Tloc      0%         2d3       100%        4
 Summon Lightning Spire   Summ/Air       0%         N/A       100%        4
 Alistair's Intoxication  Tmut/Pois      0%         N/A       100%        5
 Blade Hands              Tmut           0%         N/A       100%        5
 Borgnjor's Vile Clutch   Necr/Erth      0%         N/A       100%        5
 Excruciating Wounds      Necr           0%         N/A       100%        5
 Fireball                 Conj/Fire      0%         3d3       100%        5
 Metabolic Englaciation   Hex/Ice        0%         N/A       100%        5
 Summon Forest            Summ/Tloc      0%         N/A       100%        5
 Summon Mana Viper        Hex/Summ       0%         N/A       100%        5
 Eringya's Noxious Bog    Tmut/Pois      0%         N/A       100%        6
 Simulacrum               Ice/Necr       0%         N/A       100%        6
 Starburst                Conj/Fire      0%         6d3       100%        6
 Summon Cactus Giant      Summ           0%         N/A       100%        6
 Storm Form               Tmut/Air       0%         N/A       100%        7
 Ignition                 Fire           0%         3d3       100%        8
 Maxwell's Capacitive Co  Air            0%         ∞         100%        8


Dungeon Overview and Level Annotations

Branches:
Dungeon (14/15)            Temple (0/1) D:7            Lair (6/6) D:11
 Shoals (0/4) Lair:4        Snake (0/4) Lair:4        Slime (0/5) Lair:5
    Orc (0/2) D:11         Vaults (0/5) D:13          Sewer (visited)
Ossuary (visited)

Altars:
Ashenzari
Dithmenos
Elyvilon
Fedhas
Gozag
Kikubaaqudgha
Sif Muna
Trog
Uskayaw
Wu Jian
Xom
Yredelemnul
Zin

Shops:
D:1 [   D:11 :   D:13 =*:

Portals:
Trove: D:14 (give horn of Geryon)

Annotations:
D:11 Rupert


Innate Abilities, Weirdness & Mutations

You have a pair of horns on your head.
You reflexively headbutt those who attack you in melee.


Message History

The golden dragon zombie is distracted by your dazzling golden aura.
You catch the helpless white very ugly thing completely off-guard!
You slice the white very ugly thing!!
The white very ugly thing is moderately wounded.
The efreet is distracted by your dazzling golden aura.
The white very ugly thing tentacle-slaps you but does no damage.
You slice the white very ugly thing!!
Your headbutt misses the white very ugly thing.
The white very ugly thing is moderately wounded.
The golden dragon zombie is no longer distracted by gold.
An angel comes into view. It is wielding a +2 whip of holy wrath.
Okay, then.
You slash the white very ugly thing! You drain the white very ugly thing.
You headbutt the white very ugly thing!
The white very ugly thing is severely wounded.
The draconian is no longer distracted by gold.
You feel ill.
The white very ugly thing is distracted by your dazzling golden aura.
The white very ugly thing gurgles horribly!
You hit the white very ugly thing but do no damage.
The white very ugly thing is no longer distracted by gold.
Your headbutt misses the white very ugly thing.
The white very ugly thing is severely wounded.
The reaper is no longer distracted by gold.
The white very ugly thing misses you.
The white draconian stormcaller is no longer distracted by gold.
The white very ugly thing tentacle-slaps you!
* * * LOW HITPOINT WARNING * * *
The white very ugly thing freezes you! You resist.
* * * LOW HITPOINT WARNING * * *
The death drake is distracted by your dazzling golden aura.
The death drake hisses angrily.
You slash the white very ugly thing! You drain the white very ugly thing.
The white very ugly thing is almost dead.
The efreet is no longer distracted by gold.
The white very ugly thing tentacle-slaps you.
* * * LOW HITPOINT WARNING * * *
The white very ugly thing freezes you!! You resist.
You die...
Your body crumbles into a pile of gold.

# #. #. ##
###.## φ+
#..2AZ #######
#...d.k#@....#
#..32Ru$.©..+
#....xk#.....#
.....q#######
##.... ##### #
##### #©x©##
#### # #.... .
. # # ##......
. ..... ..


You could see a white very ugly thing (drained), a white draconian stormcaller,
a reaper, a death drake (summoned), an ancient zyme, a smoke demon, an efreet
and a small abomination.

Vanquished Creatures
  A tentacled starspawn (Abyss:3)
  Kirke (D:14)
  Gastronok (D:10)
  A draconian knight (Abyss:3)
  2 dire elephants (Lair:6)
  7 hydras
  6 boulder beetles
  4 vault guards (D:13)
  2 centaur warriors (D:14)
  8 death yaks
  A death knight (D:10)
  6 two-headed ogres
  A tengu warrior (D:13)
  3 thrashing horrors (Abyss:3)
  Urug (D:10)
  A deep elf knight (D:13)
  A spectral anaconda (Lair:6)
  A death drake (shapeshifter) (Abyss:3)
  4 necromancers (Lair:6)
  An orc knight (D:13)
  An obsidian statue (Lair:6)
  A deep elf pyromancer (D:12)
  3 ugly things
  4 cyclopes
  2 orc sorcerers (D:13)
  A manticore (D:11)
  A draconian (Abyss:3)
  5 black mambas
  30 elephants
  A merfolk siren (Lair:4)
  A dire elephant zombie (Lair:6)
  Joseph (D:10)
  3 rime drakes (shapeshifter) (Abyss:3)
  6 rime drakes
  2 gargoyles
  8 cane toads
  A yaktaur (D:13)
  An efreet (D:14)
  10 komodo dragons
  A tengu conjurer (D:13)
  A queen bee (shapeshifter) (Abyss:3)
  3 meliai (D:14)
  A wind drake (shapeshifter) (Abyss:3)
  5 polar bears
  4 trolls
  A hornet (D:9)
  Prince Ribbit (Lair:2)
  3 trolls (shapeshifter)
  39 blink frogs
  5 slime creatures
  18 dream sheep
  A spriggan (Lair:2)
  A vampire (D:14)
  5 shadows
  4 wraiths
  11 fire bats (Abyss:3)
  13 wyverns
  27 yaks
  A yak (shapeshifter) (Abyss:3)
  4 hogs (D:14)
  9 basilisks
  2 steam dragons (D:8)
  10 vampire mosquitoes
  3 chaos spawn (Abyss:3)
  A death yak simulacrum (Lair:6)
  A naga (shapeshifter) (Abyss:3)
  A naga (Lair:4)
  11 water moccasins
  4 acid dragons
  A swamp drake (D:11)
  4 black bears
  An ice beast (shapeshifter) (Abyss:3)
  9 orc warriors
  2 sky beasts
  Pargi (Sewer)
  4 ice beasts
  2 necrophages (D:6)
  6 ogres
  A small abomination (Abyss:3)
  10 wolves
  A centaur (shapeshifter) (Abyss:3)
  3 centaurs
  3 kobold brigands
  Blork the orc (D:4)
  3 gnoll sergeants
  13 bullfrogs
  2 scorpions (D:6)
  A water moccasin zombie (D:5)
  4 killer bees (D:10)
  4 electric eels (D:6)
  3 howler monkeys
  5 centaur zombies
  A jelly (shapeshifter) (Abyss:3)
  2 centaur skeletons
  A hound (D:5)
  A jelly (D:7)
  10 orc priests
  4 iguanas
  14 orc wizards
  7 hell rats
  A killer bee zombie (D:7)
  A howler monkey zombie (D:8)
  Robin (D:3)
  3 mummies (Ossuary)
  8 gnolls (D:9)
  8 adders
  A river rat (D:10)
  A shadow imp (D:7)
  2 white imps (D:7)
  An ufetubus (D:5)
  3 worms
  A worm (shapeshifter) (Abyss:3)
  A dart slug (D:1)
  38 orcs
  2 spectral bats (Abyss:3)
  4 endoplasms
  4 giant cockroaches (D:3)
  A gnoll zombie (Ossuary)
  7 goblins
  12 hobgoblins
  7 jackals
  2 quokkas
  5 ball pythons
  11 bats
  6 bat simulacra (Abyss:3)
  4 frilled lizards
  A goblin zombie (Ossuary)
  2 hobgoblin zombies (Ossuary)
  14 kobolds
  3 kobold zombies (Ossuary)
  4 rats
  A starspawn tentacle (Abyss:3)
610 creatures vanquished.

Vanquished Creatures (collateral kills)
  A two-headed ogre (D:10)
  An elephant (Lair:2)
  2 cane toads (Lair:1)
  A komodo dragon (Lair:2)
  A wyvern (D:11)
  2 wolves (Lair:1)
  2 bullfrogs
  An orc priest (D:11)
11 creatures vanquished.

Vanquished Creatures (others)
  A vampire (D:10)
  A small abomination (Abyss:3)
  A spectral bat (Abyss:3)
  A bush (Lair:5)
  105 fungi
  105 plants
  3 starspawn tentacles (Abyss:3)
  15 withered plants (Lair:6)
232 creatures vanquished.

Grand Total: 853 creatures vanquished

Notes
Turn   | Place    | Note
-------+----------+-------------------------------------------
     0 | D:1      | bearlyready the Minotaur Hunter began the quest for the
                  | Orb.
     0 | D:1      | Reached XP level 1. HP: 18/18 MP: 0/0
   225 | D:1      | Reached XP level 2. HP: 10/25 MP: 1/1
   414 | D:1      | Reached skill level 3 in Fighting
   622 | D:1      | Found Iqemerph's Antique Armour Shop.
   837 | D:1      | Found a faded altar of an unknown god.
  1436 | D:2      | Reached skill level 5 in Crossbows
  1436 | D:2      | Reached XP level 3. HP: 30/31 MP: 2/2
  1506 | D:2      | Found a shimmering altar of Xom.
  2091 | D:3      | Noticed Robin
  2100 | D:3      | Killed Robin
  2114 | D:3      | Reached skill level 4 in Fighting
  2323 | D:3      | Reached XP level 4. HP: 40/40 MP: 3/3
  3144 | D:4      | Noticed Blork the orc
  3151 | D:4      | Killed Blork the orc
  3152 | D:4      | Reached skill level 5 in Fighting
  3152 | D:4      | Reached XP level 5. HP: 38/48 MP: 4/4
  3158 | D:4      | Found a bloodstained altar of Trog.
  3158 | D:4      | Noticed a black bear
  3159 | D:4      | Noticed a black bear
  3346 | D:4      | Found a blossoming altar of Fedhas.
  3373 | D:4      | Killed a black bear
  3374 | D:4      | Reached XP level 6. HP: 53/57 MP: 5/5
  3392 | D:4      | Found a sand-covered staircase.
  3397 | Ossuary  | Entered an ossuary
  3397 | Ossuary  | Noticed a wraith
  3397 | Ossuary  | Noticed a wraith
  3397 | Ossuary  | Noticed a wraith
  3976 | Ossuary  | Noticed a wraith
  3992 | Ossuary  | Killed a wraith
  3993 | Ossuary  | Reached skill level 6 in Fighting
  4322 | D:4      | Found a basalt altar of Yredelemnul.
  4331 | D:4      | Reached XP level 7. HP: 49/64 MP: 6/6
  4543 | D:4      | Found a broken altar of Ashenzari.
  4825 | D:4      | Reached skill level 7 in Fighting
  4979 | D:5      | Entered Level 5 of the Dungeon
  5178 | D:5      | Found a glowing drain.
  5192 | Sewer    | Entered a sewer
  5214 | Sewer    | Noticed Pargi
  5222 | Sewer    | Killed Pargi
  5279 | Sewer    | Reached skill level 8 in Fighting
  5443 | D:5      | Reached XP level 8. HP: 74/74 MP: 7/7
  6108 | D:5      | Reached skill level 9 in Fighting
  6468 | D:6      | Reached skill level 1 in Armour
  6747 | D:6      | Found an ornate altar of the Wu Jian Council.
  6845 | D:6      | Reached XP level 9. HP: 78/85 MP: 8/8
  7114 | D:7      | Reached skill level 10 in Fighting
  7164 | D:7      | Reached skill level 10 in Crossbows
  7291 | D:7      | Found an ancient bone altar of Kikubaaqudgha.
  7413 | D:7      | Found a shimmering altar of Xom.
  7523 | D:7      | Found a staircase to the Ecumenical Temple.
  7558 | D:7      | Found a shimmering blue altar of Sif Muna.
  7602 | D:7      | Found an opulent altar of Gozag.
  7612 | D:7      | Became a worshipper of Gozag Ym Sagoz the Greedy
  7680 | D:7      | Found a hide-covered altar of Uskayaw.
  8016 | D:8      | Reached skill level 5 in Dodging
  8120 | D:8      | Reached skill level 5 in Armour
  8229 | D:8      | Identified the ring "Xeuqag" {rPois rN+ Dex+4 SInv}
  8528 | D:9      | Noticed a two-headed ogre
  8589 | D:9      | Killed a two-headed ogre
  8590 | D:9      | Reached skill level 11 in Fighting
  8590 | D:9      | Reached XP level 10. HP: 78/95 MP: 9/9
  8945 | D:9      | Reached skill level 1 in Evocations
  9326 | D:10     | Entered Level 10 of the Dungeon
  9347 | D:10     | Noticed Gastronok
  9364 | D:10     | Killed Gastronok
  9565 | D:10     | Noticed Urug
  9578 | D:10     | Killed Urug
  9579 | D:10     | Reached skill level 12 in Fighting
  9659 | D:10     | Reached skill level 1 in Unarmed Combat
  9797 | D:10     | Reached XP level 11. HP: 79/104 MP: 10/10
  9876 | D:10     | Found a white marble altar of Elyvilon.
  9878 | D:10     | Found a glowing silver altar of Zin.
  9880 | D:10     | Found a shadowy altar of Dithmenos.
 10125 | D:10     | Noticed Joseph
 10158 | D:10     | Killed Joseph
 10285 | D:10     | Noticed a two-headed ogre
 10285 | D:10     | Noticed a two-headed ogre
 10285 | D:10     | Noticed a two-headed ogre
 10285 | D:10     | Noticed a two-headed ogre
 10396 | D:9      | Killed a two-headed ogre
 10586 | D:10     | Killed a two-headed ogre
 10611 | D:10     | Paralysed by a centaur for 7 turns
 10705 | D:10     | Noticed a death knight
 10761 | D:11     | Found Walur's Book Shop.
 10861 | D:11     | Noticed a death yak
 10863 | D:11     | Noticed a death yak
 10903 | D:11     | Found a staircase to the Lair.
 10912 | Lair:1   | Entered Level 1 of the Lair of Beasts
 10937 | Lair:1   | Identified the +8 dagger "Onyodgh" {pain, Str+4}
 11207 | Lair:1   | Reached skill level 13 in Fighting
 11698 | Lair:1   | Identified the +2 war axe "Vijupud" {pain, Fly Int+3
                  | Stlth+}
 11887 | Lair:1   | Reached skill level 10 in Armour
 11975 | Lair:2   | Reached XP level 12. HP: 42/115 MP: 11/11
 12219 | Lair:2   | Reached skill level 14 in Fighting
 12499 | Lair:2   | Noticed Prince Ribbit
 12538 | Lair:2   | Killed Prince Ribbit
 12594 | Lair:2   | Noticed a dire elephant
 12766 | D:11     | Noticed a death yak
 12783 | D:10     | Killed a death yak
 12838 | D:10     | Killed a death yak
 13715 | D:10     | Killed a death knight
 13716 | D:10     | Reached skill level 1 in Short Blades
 13894 | D:9      | Killed a two-headed ogre
 13895 | D:9      | Reached skill level 10 in Dodging
 13901 | D:9      | Killed a two-headed ogre
 14084 | D:10     | Killed a death yak
 14214 | D:10     | Reached skill level 15 in Fighting
 14442 | D:11     | Noticed a two-headed ogre
 14442 | D:11     | Noticed a two-headed ogre
 14452 | D:10     | Killed a two-headed ogre
 14495 | D:11     | Killed a two-headed ogre
 14569 | D:11     | Reached XP level 13. HP: 89/126 MP: 12/12
 15153 | D:11     | Found a staircase to the Orcish Mines.
 15358 | D:12     | Noticed Rupert
 16665 | Lair:3   | You fall into a shaft and drop 2 floors!
 16708 | Lair:5   | Reached skill level 5 in Short Blades
 17024 | Lair:5   | Reached skill level 16 in Fighting
 17468 | Lair:5   | Identified a scroll of acquirement
 17468 | Lair:5   | Acquired 880 gold pieces
 17594 | Lair:5   | Reached XP level 14. HP: 128/137 MP: 13/13
 17810 | Lair:5   | Found a staircase to the Slime Pits.
 18276 | Lair:6   | Entered Level 6 of the Lair of Beasts
 19529 | Lair:6   | Reached skill level 17 in Fighting
 20160 | Lair:6   | Reached skill level 1 in Staves
 20906 | Lair:4   | Found a staircase to the Snake Pit.
 20918 | Lair:4   | Reached skill level 5 in Staves
 21036 | Lair:4   | Found a staircase to the Shoals.
 21677 | D:12     | Paralysed by Rupert for 6 turns
 22193 | D:12     | Reached XP level 15. HP: 147/147 MP: 14/14
 22505 | D:13     | Found Ifir's Jewellery Boutique.
 23240 | D:13     | Reached skill level 10 in Staves
 23344 | D:13     | Found a gate to the Vaults.
 23481 | D:13     | Found Kaqeets's Book Shoppe.
 23492 | D:13     | Found Girauc's General Store.
 23497 | D:13     | Bought 16 arrows for 35 gold pieces
 23497 | D:13     | Bought a potion of cancellation for 88 gold pieces
 23497 | D:13     | Bought a scroll of enchant armour for 82 gold pieces
 23808 | D:14     | Reached skill level 15 in Crossbows
 23893 | D:14     | Found a portal to a secret trove of treasure.
 23953 | D:14     | Noticed Kirke
 23973 | D:14     | Noticed a sphinx
 23974 | D:14     | Killed Kirke
 24184 | D:14     | Found an ornate altar of the Wu Jian Council.
 24294 | D:14     | Cast into level 3 of the Abyss (a wizard)
 24525 | Abyss:3  | Noticed a tentacled starspawn
 24556 | Abyss:3  | Found a transporter.
 24632 | Abyss:3  | Noticed a black draconian knight
 24637 | Abyss:3  | Noticed a tentacled starspawn
 24645 | Abyss:3  | Killed a black draconian knight
 24648 | Abyss:3  | Killed a tentacled starspawn
 24654 | Abyss:3  | HP: 7/147 [white very ugly thing (2)]
 24654 | Abyss:3  | Mangled by a white very ugly thing

Illustrated notes

Levels and vault maps discovered:
D:1:      elethiomel_arrival_shortcut, layout_loops_cross,
          ebering_ecumenical_altar_petrified, serial_shops, shop_statue
D:2:      layout_basic, basic_altar, kennysheep_generic_room_10
D:3:      layout_basic, uniq_robin
D:4:      layout_loops_ring, lemuel_crystal_altar, trog_ov_bears_minmay,
          lemuel_tele_altar, mainiacjoe_overflow_surrounded_room,
          nicolae_ossuary_entry_false_entrances, uniq_blork_the_orc
D:5:      layout_basic, portal_sewer_entry_d
D:6:      layout_cave_pools, marbit_many_paths, skrybe_limestone_x,
          chequers_big_river
D:7:      layout_rooms, mainiacjoe_overflow_chevrons, led_sif_book,
          nicolae_overflow_crystal_walls, kennysheep_mini_moat,
          nicolae_kikubaaqudgha_miasma_corner, minmay_temple_entry_arrows
D:8:      layout_rooms
D:9:      layout_loops_ring
D:10:     layout_roguey, gammafunk_temple_overflow_forgotten,
          kennysheep_kite_vault, uniq_joseph, uniq_gastronok, uniq_urug
D:11:     layout_rooms, dpeg_lair_monsters, erik_orc_1, serial_shops,
          nicolae_stop_n_shop_2
D:12:     layout_rooms, uniq_rupert
D:13:     layout_loops_ring, grunt_vaults_entry_fortified, serial_shops,
          nicolae_diamond_shop, shop, shop_fountains
D:14:     layout_basic, lemuel_round_altar, nicolae_trove_entry_crossroad,
          uniq_kirke
Lair:1:   layout_cave_shapes
Lair:2:   mu_elephants_graveyard, layout_cellular_growth, ldierk_geyser,
          minivault_24, minivault_27, st_stairs_3,
          chequers_serial_rivers_micro_b, uniq_prince_ribbit2
Lair:3:   layout_chaotic_city, cheibrodos_lair_lostbears
Lair:4:   layout_hall_layers, minmay_shoals_entry_lonely_mermaid,
          guppyfry_snake_entry_island
Lair:5:   layout_loops_ring, slime_dummy, special_room
          [special_room_mythical_zoo]
Lair:6:   due_jungle_book, layout_regular_city
Abyss:3:  base: Lair:1, hangedman_abyss_monster_moat, hangedman_steaming_rock,
          gammafunk_abyss_rune_reverse_zot

Skill      XL: |  1  2  3  4  5  6  7  8  9 10 11 12 13 14 15 |
---------------+----------------------------------------------+-----
Fighting       | 3 4 5 6 8 9 11 12 13 15 16 17 | 17.1
Crossbows      | 5 6 7 8 9 10 11 12 13 14 15 | 15.9
Armour         | 2 5 7 10 11 12 13 | 13.7
Dodging        | 3 5 7 9 10 11 12 | 12.9
Evocations     | 3 4 |  4.0
Unarmed Combat | 1 4 |  4.0
Short Blades   | 3 5 |  5.0
Staves         | 7 12 | 12.3
Stealth        | |  0.7

Action                   |  1- 3 |  4- 6 |  7- 9 | 10-12 | 13-15 || total
-------------------------+-------+-------+-------+-------+-------++-------
Melee: Short sword       |    94 |    81 |   179 |       |       ||   354
       Headbutt          |     9 |    14 |   110 |   290 |   544 ||   967
       Dagger            |       |       |   229 |   660 |  1071 ||  1960
       Whip              |       |       |       |    99 |       ||    99
       Punch             |       |       |       |    24 |    31 ||    55
       Lajatang          |       |       |       |       |   359 ||   359
 Fire: Hand crossbow     |     8 |    29 |    62 |    18 |    16 ||   133
       Arbalest          |       |       |       |       |    95 ||    95
Throw: Dart              |       |       |     9 |     8 |       ||    17
       Throwing net      |       |       |       |     3 |     1 ||     4
Evoke: Wand              |       |       |       |    23 |     5 ||    28
       Condenser vane    |       |       |       |       |     2 ||     2
  Use: Potion            |       |     2 |     2 |     2 |     6 ||    12
       Scroll            |       |     3 |     5 |    14 |    19 ||    41
 Stab: Sleeping          |     1 |     1 |     2 |       |       ||     4
       Paralysed         |       |       |       |    11 |       ||    11
       Distracted        |       |       |       |     3 |    12 ||    15
       Confused          |       |       |       |       |     1 ||     1
       Held in net/web   |       |       |       |       |     1 ||     1
       Invisible         |       |       |       |       |     3 ||     3
Armor: Leather armour    |    20 |    23 |    20 |       |       ||    63
       Plate armour      |       |       |   293 |   422 |       ||   715
       Chain mail        |       |       |       |    45 |   713 ||   758
Dodge: Dodged            |    61 |    64 |   216 |   487 |  1071 ||  1899

Table legend: (Time is in decaauts)
 A = Elapsed time spent in this place.
 B = Non-inter-level travel time spent in this place.
 C = Inter-level travel time spent in this place.
 D = Time resting spent in this place.
 E = Time spent auto-exploring this place.
 F = Levels seen in this place.
 G = Mean time per level.
                   A        B        C        D        E       F      G
               +--------+--------+--------+--------+--------+-----+--------+
         Total |  24512 |  23198 |   1314 |   1145 |  15205 |  23 | 1065.7 |
       Dungeon |  15138 |  14278 |    860 |    749 |   9558 |  14 | 1081.3 |
          Lair |   7957 |   7504 |    453 |    335 |   4671 |   6 | 1326.2 |
         Abyss |    347 |    347 |      0 |     61 |    103 |   1 |  347.0 |
         Sewer |    166 |    166 |      0 |      0 |    118 |   1 |  166.0 |
       Ossuary |    901 |    901 |      0 |      0 |    754 |   1 |  901.0 |
               +--------+--------+--------+--------+--------+-----+--------+

Top non-repeatable levels by time:
    D:10: 2070 daAuts
  Lair:6: 1849 daAuts
  Lair:2: 1609 daAuts
     D:9: 1502 daAuts
  Lair:5: 1408 daAuts
     D:5: 1310 daAuts
     D:2: 1303 daAuts
     D:6: 1190 daAuts
  Lair:1: 1134 daAuts
    D:13: 1130 daAuts
    D:11: 1074 daAuts
     D:3: 1037 daAuts
  Lair:4: 1033 daAuts
     D:1: 948 daAuts
  Lair:3: 921 daAuts
